AoeStats
← [PVS] SpartacoUsd

Fortress

510081723Analyzed
4v4 RM · 3d ago on Sep 29, 2026· 46m 40s· 8 players
Game mode
Random Map
Map size
Huge
Population
200
Speed
Normal
Resources
Standard
Victory
Conquest
Starting age
Dark Age
Ending age
Imperial Age
RankedLock teamsTeams togetherTeam positionsShared explorationLock speedFull tech treeHidden civsTurbo modeCheats
Victory
Defeat
🇨🇳 Franks · China
1224
+13
🇨🇳 Shu · China
1194
+14
🇹🇷 Celts · Türkiye
1158
+16
🇵🇪 Romans · Peru
1100
+17
🇨🇳 Danes · China
1173
-16
🇸🇬 Aztecs · Singapore
1167
-16
🇨🇳 Byzantines · China
1158
-15
🇬🇧 Hindustanis · United Kingdom
1100
-13
33min
5:42 Loom
7:50 Feudal Age
11:34 Castle Age
9:47 Horse Collar
10:04 Double-Bit Axe
14:20 Bow Saw
20:02 Wheelbarrow
21:05 Hand Cart
23:04 Gold Mining
25:51 Imperial Age
23:29 Scale Mail Armor
24:43 Forging
24:07 Pikeman
24:17 Elite Skirmisher
24:50 Fletching
25:44 Gold Shaft Mining
25:00 Stone Mining
25:39 Squires
26:53 Iron Casting
26:15 Bodkin Arrow
26:37 Chain Mail Armor
26:24 Padded Archer Armor
27:15 Bracer
26:45 Halberdier
29:28 Plate Mail Armor
29:14 Leather Archer Armor
30:33 Chemistry
29:59 Ballistics
30:56 Stone Shaft Mining
31:01 Conscription
30:41 Elite Cataphract
33:25 Conscription
33:23 Scale Barding Armor
34:04 Logistica
35:43 Chain Barding Armor
36:48 Hoardings
40:14 Heavy Plow
我的哈哈哈
9:02 Feudal Age
9:50 Horse Collar
10:13 Loom
12:51 Castle Age
10:52 Double-Bit Axe
11:45 Gold Mining
18:48 Wheelbarrow
18:00 Town Watch
20:03 Heavy Plow
21:07 Bow Saw
23:08 Hand Cart
28:36 Imperial Age
26:20 Stone Mining
27:14 Gold Shaft Mining
26:43 Scale Mail Armor
26:54 Forging
27:26 Squires
27:12 Arson
27:45 Hamask
28:19 Gambesons
29:26 Chain Mail Armor
29:54 Conscription
31:23 Town Patrol
31:10 Northmen's Fury
32:35 Plate Mail Armor
32:41 Iron Casting
33:00 Onager
33:10 Elite Varangian Guard
37:52 Chemistry
38:33 Blast Furnace
37:26 Siege Onager
BananaPyjamas
0:31 Loom
7:58 Feudal Age
12:24 Castle Age
11:15 Double-Bit Axe
28:02 Imperial Age
28:11 Wheelbarrow
28:09 Bow Saw
27:39 Horse Collar
27:55 Gold Mining
27:55 Stone Mining
29:13 Heavy Plow
30:06 Forging
29:56 Scale Mail Armor
29:23 Eagle Warrior
30:04 Squires
29:49 Arson
29:38 Pikeman
31:53 Gold Shaft Mining
31:53 Stone Shaft Mining
30:43 Elite Eagle Warrior
32:22 Garland Wars
33:06 Crop Rotation
33:14 Iron Casting
32:54 Chain Mail Armor
34:09 Conscription
35:59 Hand Cart
37:18 Man-at-Arms
37:44 Gambesons
38:19 Long Swordsman
40:12 Blast Furnace
39:42 Plate Mail Armor
38:54 Two-Handed Swordsman
39:02 Elite Jaguar Warrior
40:05 Caravan
40:35 Coinage
39:39 Champion
40:19 Town Watch
40:54 Atlatl
41:50 Fletching
42:03 Padded Archer Armor
42:10 Town Patrol
41:49 Elite Skirmisher
45:43 Bodkin Arrow
46:03 Leather Archer Armor
Lamlam
7:31 Feudal Age
11:14 Castle Age
9:15 Double-Bit Axe
9:40 Horse Collar
13:00 Bow Saw
13:54 Wheelbarrow
13:24 Heavy Plow
19:05 Hand Cart
24:10 Imperial Age
24:00 Loom
24:03 Town Watch
24:48 Gold Mining
25:39 Bloodlines
26:51 Two-Man Saw
27:28 Chemistry
27:14 Grand Trunk Road
27:35 Conscription
28:44 Gold Shaft Mining
29:08 Light Cavalry
29:49 Husbandry
30:22 Caravan
31:16 Hussar
32:22 Padded Archer Armor
32:28 Scale Barding Armor
34:09 Ballistics
35:59 Masonry
35:53 Shatagni
36:17 Chain Barding Armor
38:34 Onager
39:54 Forging
39:59 Leather Archer Armor
47:01 Ring Archer Armor
FATİH
0:45 Loom
7:29 Feudal Age
12:06 Castle Age
10:22 Double-Bit Axe
15:13 Horse Collar
17:07 Heavy Plow
17:55 Bow Saw
18:39 Wheelbarrow
18:12 Gold Mining
19:59 Scale Barding Armor
19:59 Scale Mail Armor
20:10 Forging
23:46 Imperial Age
23:48 Capped Ram
24:51 Chain Barding Armor
24:54 Conscription
26:33 Siege Ram
27:48 Stone Mining
28:18 Elite Woad Raider
30:02 Chain Mail Armor
29:12 Man-at-Arms
29:39 Gambesons
32:15 Stone Shaft Mining
32:16 Gold Shaft Mining
33:17 Plate Mail Armor
33:22 Iron Casting
32:39 Stronghold
34:26 Furor Celtica
37:25 Blast Furnace
37:40 Light Cavalry
45:29 Hand Cart
44:59 Town Watch
45:03 Loom
45:01 Hussar
yangyang
8:14 Feudal Age
12:17 Castle Age
15:11 Double-Bit Axe
15:46 Horse Collar
17:04 Heavy Plow
23:10 Thumb Ring
22:25 Crossbowman
25:17 Bow Saw
25:50 Wheelbarrow
25:00 Loom
25:01 Town Watch
25:26 Gold Mining
25:26 Stone Mining
26:27 Gambesons
26:43 Squires
26:28 Arson
26:04 Pikeman
26:58 Forging
26:48 Scale Mail Armor
26:50 Padded Archer Armor
26:41 Fletching
27:20 Treadmill Crane
29:04 Gold Shaft Mining
28:34 Coiled Serpent Array
29:40 Hand Cart
30:37 Bodkin Arrow
30:58 Leather Archer Armor
30:58 Chain Mail Armor
33:34 Imperial Age
32:27 Town Patrol
33:53 Ballistics
33:36 Arbalester
34:38 Conscription
33:39 Elite White Feather Guard
34:20 Bolt Magazine
37:06 Bracer
37:36 Ring Archer Armor
37:38 Plate Mail Armor
41:39 Chemistry
40:45 Siege Engineers
[PVS] SpartacoUsd
7:55 Feudal Age
6:11 Loom
12:31 Castle Age
12:47 Double-Bit Axe
16:53 Horse Collar
23:06 Heavy Plow
25:03 Bow Saw
28:02 Imperial Age
26:22 Wheelbarrow
27:49 Ballistics
27:26 Murder Holes
27:41 Fortified Wall
27:03 Man-at-Arms
27:44 Squires
27:05 Pikeman
27:47 Scale Mail Armor
27:57 Forging
27:40 Fletching
28:23 Hand Cart
30:13 Chemistry
29:21 Ballistas
29:38 Conscription
29:38 Chain Mail Armor
29:58 Iron Casting
29:39 Heavy Scorpion
33:08 Blast Furnace
31:34 Long Swordsman
35:09 Comitatenses
34:58 Legionary
37:51 Gold Mining
37:51 Stone Mining
37:51 Town Watch
38:37 Crop Rotation
38:16 Halberdier
41:38 Bodkin Arrow
41:49 Scale Barding Armor
43:48 Padded Archer Armor
subaru
7:19 Feudal Age
11:19 Castle Age
9:45 Double-Bit Axe
18:43 Wheelbarrow
18:20 Loom
20:50 Treadmill Crane
22:36 Scale Mail Armor
22:46 Forging
24:08 Squires
27:54 Imperial Age
25:54 Scale Barding Armor
26:25 Iron Casting
26:28 Bow Saw
25:48 Ordonnance Companies
27:05 Iron Casting
27:58 Masonry
28:15 Chain Mail Armor
28:20 Chain Barding Armor
28:07 Husbandry
27:59 Cavalier
28:55 Hand Cart
30:10 Hoardings
29:56 Conscription
29:43 Stone Mining
29:44 Gold Mining
29:48 Town Watch
30:59 Plate Mail Armor
31:29 Blast Furnace
32:05 Gold Shaft Mining
32:07 Elite Throwing Axeman
33:10 Chivalry
34:45 Plate Barding Armor
35:03 Paladin
36:07 Arson
39:17 Light Cavalry
40:45 Caravan
43:09 Capped Ram
46:55 Siege Engineers
47:51 Chemistry
47:22 Architecture
47:13 Ballistics
46:40 Arrowslits
47:06 Fortified Wall
Connection lost

Rejoining the realm…

Still unreachable

The connection could not be restored.

Session expired

The server has moved on; the page needs a fresh start.